 Dungeon Crawl Stone Soup version 0.26.0-10-g1f06aea511 (console) character file.

Game seed: 5454149072269634218

443 jejorda2 the Cudgeller (level 7, 0/44 HPs)
             Began as a Tengu Berserker on Jan 13, 2021.
             Was a Priest of Trog.
             Slain by a killer bee (1 damage)
             ... on level 4 of the Dungeon.
             The game lasted 00:07:56 (3630 turns).

jejorda2 the Cudgeller (Tengu Berserker)            Turns: 3630, Time: 00:07:57

Health: 0/44       AC:  5    Str: 17 (19) XL:     7   Next: 2%
Magic:  8/8        EV: 11    Int:  6 (8)  God:    Trog [***...]
Gold:   180        SH:  0    Dex: 10 (13) Spells: 6/6 levels left

rFire    . . .     SeeInvis .   a - +0 mace
rCold    . . .     Faith    .   (no shield)
rNeg     . . .     Spirit   .   t - +0 ring mail
rPois    .         Reflect  .   (helmet restricted)
rElec    .         Harm     .   (no cloak)
rCorr    .         Rampage  .   (no gloves)
Will     .....                  (boots unavailable)
Stlth    ..........             (no amulet)
HPRegen  0.14/turn              n - ring of flight
MPRegen  0.11/turn              s - ring of attention (curse)

@: lethally poisoned (0 -> -7)
A: beak, talons 3, able to fly
a: Fly, Renounce Religion, Berserk, Trog's Hand


You were on level 4 of the Dungeon.
You worshipped Trog.
Trog was most pleased with you.
You visited 1 branch of the dungeon, and saw 4 of its levels.

You collected 180 gold pieces.

Inventory:

Hand Weapons
 a - a +0 mace (weapon)
 f - a +0 whip
Missiles
 h - 11 boomerangs
 l - 8 poisoned darts (quivered)
Armour
 t - a +0 ring mail (worn)
Jewellery
 n - a ring of flight (left hand)
 s - a cursed ring of attention (right hand)
Scrolls
 b - a scroll of enchant armour {unknown}
 d - 2 scrolls of immolation {unknown}
 e - 4 scrolls of remove curse {unknown}
 g - 5 scrolls of identify {unknown}
 i - 2 scrolls of teleportation {unknown}
 j - a scroll of magic mapping {unknown}
 k - 3 scrolls of enchant weapon {unknown}
 m - a scroll of fear {unknown}
 o - a scroll of fog {unknown}
Potions
 c - a potion of lignification {unknown}
 p - 2 potions of degeneration
 q - a potion of curing {unknown}
 r - a potion of heal wounds {unknown}


   Skills:
 + Level 4.6 Fighting
 * Level 6.3 Maces & Flails
 + Level 4.3 Armour
 - Level 2.1 Dodging


You had 6 spell levels left.
You didn't know any spells.
Your spell library was empty.

Dungeon Overview and Level Annotations

Branches:
Dungeon (4/15)
 Temple: D:4-7

Altars:


Innate Abilities, Weirdness & Mutations

You have a beak for a mouth.
You have claws for feet.
You can fly continuously.


Message History

Trog accepts your kill.
You feel sick. The killer bee stings you.
* * * LOW HITPOINT WARNING * * *
The killer bee stings you.
* * * LOW HITPOINT WARNING * * *
You are lethally poisoned!
The killer bee poisons you!
You have reached level 7!
You miss the killer bee. You claw the killer bee.
The killer bee is heavily wounded.
* * * LOW HITPOINT WARNING * * *
You feel sick. The killer bee stings you.
* * * LOW HITPOINT WARNING * * *
The killer bee closely misses you.
It was a potion of degeneration.
There was something very wrong with that liquid.
You feel weakened.
You feel dopey.
You feel clumsy.
* * * LOW HITPOINT WARNING * * *
You feel sick. The killer bee stings you.
You die...

###.###......#
.†......####.#
##..##.## #.#
#####.# #.#
#.# #.# #)#
#.# #.# #.#
#.#
#.###########.
#.#
#....@y......#
#.#
#######.......
.......
y......
.......
.......
.......
.......


You could see a killer bee.

Vanquished Creatures
  Sigmund (D:3)
  2 killer bees (D:4)
  An orc priest (D:3)
  An orc wizard (D:3)
  5 adders
  3 worms
  3 dart slugs
  5 leopard geckos
  4 orcs
  9 bats
  5 giant cockroaches
  7 goblins
  4 hobgoblins
  5 jackals
  3 kobolds
  3 quokkas
  A ball python (D:3)
  6 frilled lizards
  5 rats
73 creatures vanquished.

Notes
Turn   | Place    | Note
-------+----------+-------------------------------------------
     0 | D:1      | jejorda2 the Tengu Berserker began the quest for the Orb.
     0 | D:1      | Reached XP level 1. HP: 14/14 MP: 2/2
   284 | D:1      | Reached XP level 2. HP: 18/19 MP: 3/3
   865 | D:1      | Reached XP level 3. HP: 22/23 MP: 4/4
   870 | D:1      | Reached skill level 4 in Maces & Flails
   997 | D:1      | Reached ** piety under Trog
  1932 | D:2      | Reached XP level 4. HP: 28/28 MP: 5/5
  3003 | D:3      | Noticed Sigmund
  3015 | D:3      | Gained mutation: You can fly continuously. [Tengu growth]
  3015 | D:3      | Reached XP level 5. HP: 33/33 MP: 6/6
  3018 | D:3      | Reached skill level 5 in Maces & Flails
  3025 | D:3      | Killed Sigmund
  3026 | D:3      | Reached skill level 6 in Maces & Flails
  3026 | D:3      | Reached XP level 6. HP: 28/39 MP: 7/7
  3463 | D:4      | Reached *** piety under Trog
  3629 | D:4      | Reached XP level 7. HP: 7/44 MP: 8/8
  3629 | D:4      | HP: 2/44 [killer bee (4)]
  3630 | D:4      | Slain by a killer bee

Illustrated notes

Levels and vault maps discovered:
D:1:      sevenhm_arrival_forest_fort_small_3, layout_basic, minmay_heptomino_h4
D:2:      layout_basic, nrook_mini_backslash
D:3:      cheibrodos_pilgrimage, layout_basic, minmay_splitting_lines,
          uniq_sigmund
D:4:      layout_loops_ring, uniq_crazy_yiuf_cottage

Skill      XL: |  1  2  3  4  5 |
---------------+----------------+-----
Maces & Flails | 4 6 |  6.3
Armour         | 3 4 |  4.3
Fighting       | 4 |  4.6
Dodging        | |  2.1

Action                   |  1- 3 |  4- 6 |  7- 9 || total
-------------------------+-------+-------+-------++-------
Melee: Mace              |    68 |    87 |     1 ||   156
       Kick              |    16 |    19 |     1 ||    36
       Peck              |     9 |     9 |       ||    18
Throw: Dart              |     1 |     6 |       ||     7
Invok: Berserk           |       |     1 |       ||     1
       Trog's Hand       |       |     1 |       ||     1
  Use: Potion            |       |       |     1 ||     1
 Stab: Sleeping          |     1 |       |       ||     1
Armor: Animal skin       |    17 |     4 |       ||    21
       Leather armour    |       |     6 |       ||     6
       Ring mail         |       |    15 |       ||    15
Dodge: Dodged            |    72 |    43 |     1 ||   116
